 Dungeon Crawl Stone Soup version 0.30-a0-634-g8abc85282e (webtiles) character file.

Game seed: 16563610809168951943

28 HoaS the Shooter (level 3, -1/21 HPs)
             Began as a Gargoyle Hunter on Jan 14, 2023.
             Slain by Jessica
             ... wielding a +0 dagger
              (3 damage)
             ... on level 2 of the Dungeon.
             The game lasted 00:01:47 (976 turns).

HoaS the Shooter (Gargoyle Hunter)                   Turns: 976, Time: 00:01:47

Health: -1/21      AC:  6    Str: 14    XL:     3   Next: 12%
Magic:  3/3        EV: 11    Int:  9    God:
Gold:   62         SH:  0    Dex: 15    Spells: 2/2 levels left

rFire   . . .      SeeInvis .    a - +0 shortbow
rCold   . . .      Faith    .    (shield currently unavailable)
rNeg    + . .      Spirit   .    c - +0 leather armour
rPois   ∞          Reflect  .    (no helmet)
rElec   +          Harm     .    (no cloak)
rCorr   .          Rampage  .    (no gloves)
Will    .....                    (no boots)
Stlth   ++                       (no amulet)
HPRegen 0.23/turn                (no ring)
MPRegen 0.08/turn                (no ring)

@: slowed, very slow
A: sickness immunity, AC +3, negative energy resistance 1, electricity
resistance, torment resistance 1, petrification resistance
a: no special abilities


You were on level 2 of the Dungeon.
You visited 1 branch of the dungeon, and saw 2 of its levels.

You collected 62 gold pieces.

Inventory:

Hand Weapons
 a - a +0 shortbow (weapon)
Armour
 c - a +0 leather armour (worn)
Jewellery
 j - a ring of ice
Scrolls
 b - a scroll of immolation
Potions
 d - a potion of ambrosia
 f - 2 potions of might {unknown}
 h - a potion of lignification {unknown}
 i - a potion of heal wounds {unknown}


   Skills:
 - Level 2.1 Fighting
 + Level 5.0 Ranged Weapons
 - Level 1.5 Dodging
 - Level 1.1 Stealth


You had 2 spell levels left.
You didn't know any spells.
Your spell library contained the following spells:

 Spells                   Type           Power      Damage    Failure   Level
 Petrify                  Tmut/Erth      0%         N/A       99%         4
 Irradiate                Conj/Tmut      0%         3d11      100%        5
 Sublimation of Blood     Necr           Unusable   N/A       N/A         2

Dungeon Overview and Level Annotations

Branches:
Dungeon (2/15)

Altars:

Shops:
D:1 *

Annotations:
D:2 Jessica


Innate Abilities, Weirdness & Mutations

You are immune to sickness and miasma.
Your stone body is resilient. (AC +3)
You are immune to poison.
You resist negative energy. (rN+)
You are resistant to electric shocks. (rElec)
You are resistant to unholy torment.
You are immune to petrification.


Message History

You shoot an arrow. The arrow barely misses Jessica.
Jessica shouts!
Jessica casts a spell at you. Pain shoots through your body!
You shoot an arrow. The arrow hits Jessica.
Jessica is heavily wounded.
Jessica gestures wildly while chanting.
Jessica blinks!
The kobold hits you with a +0 whip.
A hobgoblin comes into view.
A quokka comes into view.
You shoot an arrow. The arrow closely misses the kobold.
The hobgoblin shouts!
You hear a shout!
A goblin comes into view. It is wielding a +0 dagger.
The kobold hits you with a +0 whip.
You hear a shout!
You shoot an arrow. The arrow hits the kobold.
You kill the kobold!
Jessica casts a spell at you.
You feel yourself slow down.
Jessica grins evilly.
Your Ranged Weapons skill increases to level 5!
You shoot an arrow. The arrow closely misses the quokka.
You hear a shout!
Jessica points at you and mumbles some strange words.
Pain shoots through your body!
A goblin comes into view. It is wielding a +0 dagger.
The quokka bites you but does no damage.
Jessica gestures at you while chanting. Pain shoots through your body!
* * * LOW HITPOINT WARNING * * *
You shoot an arrow.
The arrow hits the quokka but does no damage.
You hear a shout!
The quokka closely misses you. The quokka completely misses you.
A goblin comes into view. It is wielding a +0 club.
You hear a shout!
The quokka attacks as you move away! The quokka bites you.
* * * LOW HITPOINT WARNING * * *
Jessica hits you with a +0 dagger.
You die...

#....$.....
#..........
#..........
#....<.....
#..........
####.#........
#....#.#.#....
#...@.# .
#.#@### #.#r#
#..).g.#
.....g..#
........#
........#
..g......
.......##
g......


You could see Jessica, a quokka, a hobgoblin and 2 goblins.

Vanquished Creatures
  A dart slug (D:2)
  An endoplasm (D:1)
  3 giant cockroaches
  3 goblins
  3 hobgoblins
  3 kobolds
  A quokka (D:1)
  A ball python (D:1)
  A bat (D:1)
  3 frilled lizards (D:1)
  4 rats (D:1)
24 creatures vanquished.

Notes
Turn   | Place    | Note
-------+----------+-------------------------------------------
     0 | D:1      | HoaS the Gargoyle Hunter began the quest for the Orb.
     0 | D:1      | Reached XP level 1. HP: 12/12 MP: 1/1
   228 | D:1      | Reached XP level 2. HP: 17/17 MP: 2/2
   355 | D:1      | Found a faded altar of an unknown god.
   758 | D:1      | Found Enucatas's General Store.
   956 | D:2      | Reached XP level 3. HP: 21/21 MP: 3/3
   965 | D:2      | Noticed Jessica
   974 | D:2      | Reached skill level 5 in Ranged Weapons
   976 | D:2      | HP: 1/21 [quokka (1)]
   976 | D:2      | Slain by Jessica

Illustrated notes

Levels and vault maps discovered:
D:1:      dpeg_arrival_houses_and_road, layout_basic, serial_shops,
          nicolae_shop_waterfront, chequers_ecumenical_altar_simple
D:2:      layout_basic, uniq_robin, uniq_jessica

Skill      XL: |  1  2  3 |
---------------+----------+-----
Ranged Weapons | 5 |  5.0
Fighting       | |  2.1
Dodging        | |  1.5
Stealth        | |  1.1

Action                   || total
-------------------------++-------
 Fire: Shortbow          ||    60
  Use: Scroll            ||     4
Armor: Leather armour    ||     4
Dodge: Dodged            ||    13

Table legend: (Time is in decaauts)
 A = Elapsed time spent in this place.
 B = Non-inter-level travel time spent in this place.
 C = Inter-level travel time spent in this place.
 D = Time resting spent in this place.
 E = Time spent auto-exploring this place.
 F = Levels seen in this place.
 G = Mean time per level.
                   A        B        C        D        E       F      G
               +--------+--------+--------+--------+--------+-----+--------+
         Total |    995 |    968 |     27 |     55 |    769 |   2 |  497.5 |
       Dungeon |    995 |    968 |     27 |     55 |    769 |   2 |  497.5 |
               +--------+--------+--------+--------+--------+-----+--------+

Top non-repeatable levels by time:
     D:1: 940 daAuts
     D:2: 55 daAuts
